 Dungeon Crawl Stone Soup version 0.31-a0-1163-gcee99d1eea (webtiles) character file.

Game seed: 9729351337692554300

313 Velvalerian the Shooter (level 6, -1/47 HPs)
             Began as a Formicid Hunter on Dec 5, 2023.
             Was an Initiate of Dithmenos.
             Succumbed to a scorpion's poison
             ... on level 4 of the Dungeon on Dec 9, 2023.
             The game lasted 00:41:20 (4402 turns).

Velvalerian the Shooter (Formicid Hunter)           Turns: 4402, Time: 00:41:20

Health: -1/47      AC:  3    Str: 15    XL:     6   Next: 71%
Magic:  6/6        EV: 27    Int:  9    God:    Dithmenos [......]
Gold:   175        SH:  0    Dex: 19    Spells: 5/5 levels left

rFire   + . .        u - +2 dagger (venom)
rCold   x . .        (no shield)
rNeg    . . .        c - +0 leather armour
rPois   .            (helmet unavailable)
rElec   .            (no cloak)
rCorr   .            (no gloves)
SInv    +            (no boots)
Will    .....        o - amulet of the acrobat
Stlth   ++           p - ring of fire
HPRegen 0.27/turn    (no ring)
MPRegen 0.10/turn

%: acrobat
@: lethally poisoned (-1 -> -10), acrobatic
A: permanent stasis, dig shafts and tunnels, antennae 3, four strong arms
a: Dig, Shaft Self, Renounce Religion


You were on level 4 of the Dungeon.
You worshipped Dithmenos.
Dithmenos was noncommittal.
You visited 1 branch of the dungeon, and saw 4 of its levels.

You collected 175 gold pieces.

Inventory:

Hand Weapons
 a - a +0 shortbow
 u - a +2 dagger of venom (weapon)
Armour
 c - a +0 leather armour (worn)
Jewellery
 m - a ring of fire
 o - an amulet of the acrobat (around neck)
 p - a ring of fire (left hand)
 v - an amulet of guardian spirit
Scrolls
 b - a scroll of butterflies
 f - 2 scrolls of amnesia {unknown}
 h - a scroll of revelation {unknown}
 i - 2 scrolls of teleportation {unknown}
 j - a scroll of vulnerability {unknown}
 n - 2 scrolls of blinking {unknown}
 q - a scroll of identify {unknown}
 t - a scroll of enchant armour {unknown}
Potions
 d - 2 potions of heal wounds {unknown}
 e - 3 potions of curing
 g - 2 potions of lignification {unknown}
 k - a potion of brilliance {unknown}
 l - 3 potions of cancellation {unknown}
 r - a potion of mutation {unknown}
 s - a potion of magic {unknown}


   Skills:
 + Level 3.3 Fighting
 + Level 6.7 Ranged Weapons
 + Level 0.9 Armour
 + Level 2.4 Dodging
 + Level 1.2 Stealth


You had 5 spell levels left.
You didn't know any spells.
Your spell library contained the following spells:

 Spells                   Type           Power      Damage    Failure   Level
 Apportation              Tloc           0%         N/A       45%         1
 Necrotise                Necr           0%         1d4       45%         1
 Summon Small Mammal      Summ           0%         N/A       45%         1


Dungeon Overview and Level Annotations

Branches:
Dungeon (4/15)             Temple (0/1) D:4

Altars:
Dithmenos

Shops:
D:4 !

Annotations:
D:4 2 transporters, hitsuchi's ghost, novice MeEE


Innate Abilities, Weirdness & Mutations

You cannot be hasted, slowed, berserked, paralysed or teleported.
You can dig through walls and to a lower floor.
You have a pair of large antennae on your head. (SInv)
Your four strong arms can wield two-handed weapons with a shield.


Message History

The scorpion is lightly wounded.
The scorpion stings you.
You are poisoned.
The scorpion poisons you!
You shoot an arrow. The arrow barely misses the scorpion.
You feel very sick. The scorpion stings you. The scorpion misses you.
You shoot an arrow. The arrow hits the scorpion.
The scorpion is moderately wounded.
You feel sick. The scorpion stings you.
You are more poisoned.
The scorpion poisons you!
You shoot an arrow. The arrow barely misses the scorpion.
You feel very sick. The scorpion misses you.
Your +2 dagger of venom begins to drip with poison!
u - a +2 dagger of venom (weapon)
You feel sick. The scorpion stings you.
You are lethally poisoned!
The scorpion poisons you!
You hit the scorpion but do no damage.
The scorpion is poisoned.
The scorpion is lightly wounded.
* * * LOW HITPOINT WARNING * * *
You feel very sick. The scorpion misses you.
You hit the scorpion but do no damage.
The scorpion looks as sick as possible!
The scorpion is moderately wounded.
* * * LOW HITPOINT WARNING * * *
You feel very sick. The scorpion misses you.
You hit the scorpion.
The scorpion looks as sick as possible!
The scorpion is severely wounded.
* * * LOW HITPOINT WARNING * * *
You feel very sick.
You kill the scorpion!
Dithmenos accepts your kill.
* * * LOW HITPOINT WARNING * * *
You feel very sick. The sleepcap completely misses you.
You die...

.# #.#..##{......##..#
# .#
#.....#########...# #
.###.#...............#
##
..##.##.............##
..
.....################
#. ..##........ ..# #.
.###.####### #.# .#
#.# #####.######.. .#
#.# #.....@......# .#
#.# #.###.######.#
.###.######.# #f#
###.......#.#
#.†...... ##.####.#.#
########. ### #.#.####
#.#....# #.####.######
#...........#


You could see a sleepcap.

Vanquished Creatures
  A scorpion (D:4)
  An orc priest (D:4)
  An orc wizard (D:4)
  6 adders
  4 gnolls (D:2)
  2 worms (D:2)
  A dart slug (D:3)
  10 orcs (D:4)
  8 ball pythons
  13 endoplasms
  2 goblins (D:1)
  10 hobgoblins
  2 jackals (D:4)
  4 quokkas
  7 bats
  4 frilled lizards
  9 kobolds
  5 rats
90 creatures vanquished.

Notes
Turn   | Place    | Note
-------+----------+-------------------------------------------
     0 | D:1      | Velvalerian the Formicid Hunter began the quest for the
                  | Orb.
     0 | D:1      | Reached XP level 1. HP: 16/16 MP: 1/1
   140 | D:1      | Reached XP level 2. HP: 22/22 MP: 2/2
   228 | D:1      | Reached XP level 3. HP: 28/28 MP: 3/3
   232 | D:1      | Upgraded the game from 0.31-a0-1127-ge7b2bbabab to
                  | 0.31-a0-1139-gec03705108
   854 | D:2      | Reached skill level 5 in Ranged Weapons
   890 | D:2      | Reached XP level 4. HP: 34/34 MP: 4/4
  1642 | D:2      | Reached XP level 5. HP: 40/40 MP: 5/5
  2387 | D:3      | Reached skill level 6 in Ranged Weapons
  2873 | D:3      | Found a shadowy altar of Dithmenos.
  2881 | D:3      | Upgraded the game from 0.31-a0-1139-gec03705108 to
                  | 0.31-a0-1163-gcee99d1eea
  2881 | D:3      | Became a worshipper of Dithmenos the Shadowed
  3518 | D:4      | Reached XP level 6. HP: 20/47 MP: 6/6
  3737 | D:4      | Noticed hitsuchi's ghost (novice MeEE)
  3738 | D:4      | Found a transporter.
  3741 | D:4      | Found a transporter.
  3779 | D:4      | Found Vonevyx's Distillery.
  3798 | D:4      | Noticed an ogre
  3864 | D:3      | HP: 1/47 [ogre/+0 giant club (17)]
  4173 | D:4      | Found a staircase to the Ecumenical Temple.
  4401 | D:4      | HP: 1/47 [poisoned by a scorpion]
  4402 | D:4      | Succumbed to a scorpion's poison

Illustrated notes

Levels and vault maps discovered:
D:1:      nzn_arrival_depleted_hourglass, layout_rooms, serial_bayou_lagoon_a,
          item_on_display_a
D:2:      minmay_chambers_of_ones, layout_loops_corners
D:3:      layout_basic, lemuel_coloured_pillars_altar
D:4:      layout_loops_ring, minmay_temple_entry_mist, portal_sewer_entry_b,
          serial_shops, nicolae_shop_peninsula, gammafunk_ghost_arena,
          serial_library_hellmonk_room_a

Skill      XL: |  1  2  3  4  5  6 |
---------------+-------------------+-----
Ranged Weapons | 5 6 |  6.7
Fighting       | 3 |  3.3
Dodging        | 2 |  2.4
Armour         | |  0.9
Stealth        | |  1.2

Action                     |  1- 3 |  4- 6 || total
---------------------------+-------+-------++-------
  Melee: Short sword       |    10 |       ||    10
         Dagger            |       |     3 ||     3
   Fire: Shortbow          |    83 |   232 ||   315
Ability: Dig               |     1 |       ||     1
    Use: Potion            |       |     2 ||     2
 Armour: Leather armour    |    17 |    40 ||    57
         Skin              |       |    14 ||    14
  Dodge: Dodged            |    14 |    78 ||    92

Table legend: (Time is in decaauts)
 A = Elapsed time spent in this place.
 B = Non-inter-level travel time spent in this place.
 C = Inter-level travel time spent in this place.
 D = Time resting spent in this place.
 E = Time spent auto-exploring this place.
 F = Levels seen in this place.
 G = Mean time per level.
                   A        B        C        D        E       F      G
               +--------+--------+--------+--------+--------+-----+--------+
         Total |   4451 |   2084 |   2367 |    420 |    753 |   4 | 1112.8 |
       Dungeon |   4451 |   2084 |   2367 |    420 |    753 |   4 | 1112.8 |
               +--------+--------+--------+--------+--------+-----+--------+

Top non-repeatable levels by time:
     D:2: 1610 daAuts
     D:3: 1329 daAuts
     D:1: 782 daAuts
     D:4: 729 daAuts
